 Dungeon Crawl Stone Soup version 0.29-a0-284-gf9362112df (webtiles) character file.

Game seed: 4388681101506137365

43505 jlumianski the Cleaver (level 13, -2/147 HPs)
             Began as a Demonspawn Fighter on Mar 27, 2022.
             Was a High Priest of Okawaru.
             Killed from afar by Azrael (6 damage)
             ... with damnation
             ... on level 15 of the Dungeon on Mar 28, 2022.
             The game lasted 01:32:44 (20181 turns).

jlumianski the Cleaver (Demonspawn Fighter)        Turns: 20181, Time: 01:32:44

Health: -2/147     AC: 35    Str: 22    XL:     13   Next: 91%
Magic:  22/22      EV: 12    Int: 11    God:    Okawaru [*****.]
Gold:   433        SH: 12    Dex: 16    Spells: 18/24 levels left

rFire   . . .      SeeInvis .   I - +10 broad axe of Charity {vorpal, *Corrode +Blink Will+++ Str-4}
rCold   + . .      Faith    .   Z - +1 buckler {AC+3}
rNeg    . . .      Spirit   .   N - +7 Kryia's mail coat {PotionHeal*2 rC+}
rPois   .          Reflect  +   H - +1 helmet
rElec   .          Harm     .   (no cloak)
rCorr   .          Rampage  .   X - +1 pair of gloves {Dex+3}
Will    +++..                   (no boots)
Stlth   ..........              o - amulet of reflection
HPRegen 0.34/turn               G - +4 ring of protection
MPRegen 0.18/turn               F - +6 ring of strength

@: berserking, sanguine armoured, very quick
A: hooves 2, sanguine armour 2, condensation shield
a: Renounce Religion, Evoke Blink, Heroism, Finesse, Duel


You were on level 15 of the Dungeon.
You worshipped Okawaru.
Okawaru was extremely pleased with you.
You visited 4 branches of the dungeon, and saw 18 of its levels.
You also visited: Ossuary.

You collected 1147 gold pieces.
You spent 714 gold pieces at shops.

Inventory:

Hand Weapons
 a - a +7 war axe of flaming
 c - the +4 hand crossbow "Sulire" {freeze, rC+ rN+ Str+4}
   (You took it off an orc on level 14 of the Dungeon)

   Any ammunition fired from it freezes those it strikes, dealing additional
   cold damage.
   It can also slow down cold-blooded creatures.
   Str:       It affects your strength (+4).
   rC:        It protects you from cold.
   rN:        It protects you from negative energy.
 g - the +7 hunting sling of Conflict {freeze, Int+6 Dex-4}
   (You found it on level 15 of the Dungeon)

   Any ammunition fired from it freezes those it strikes, dealing additional
   cold damage.
   It can also slow down cold-blooded creatures.
   Int:       It affects your intelligence (+6).
   Dex:       It affects your dexterity (-4).
 l - the +5 hunting sling "Bilaimn" {venom, *Corrode Str+3 Dex+4}
   (You found it on level 9 of the Dungeon)

   Any ammunition fired from it poisons the flesh of those it strikes.
   Str:       It affects your strength (+3).
   Dex:       It affects your dexterity (+4).
   *Corrode:  It may corrode you when you take damage.
 I - the +10 broad axe of Charity (weapon) {vorpal, *Corrode +Blink Will+++ Str-4}
   (You acquired it on level 4 of the Dungeon)

   It inflicts extra damage upon your enemies.
   Str:       It affects your strength (-4).
   +Blink:    It lets you blink.
   *Corrode:  It may corrode you when you take damage.
   Will:      It greatly increases your willpower.
Missiles
 h - 4 boomerangs
 k - 16 poisoned darts (quivered)
 n - 4 boomerangs of dispersal
 s - 4 throwing nets
 t - 7 javelins
 O - 2 datura-tipped darts
Armour
 b - the +3 warlock's mirror {reflect}
   (Okawaru gifted it to you on level 14 of the Dungeon)

   It can block and reflect piercing ranged attacks and magical attacks against
   the wielder's willpower.
 v - an orb of wrath
 H - a +1 helmet (worn)
 N - the +7 Kryia's mail coat (worn) {PotionHeal*2 rC+}
   (You found it on level 8 of the Dungeon)

   Potions are twice as effective at healing its wearer.
   rC:        It protects you from cold.
 S - +2 steam dragon scales
 X - a +1 pair of gloves of dexterity (worn)
 Z - a +1 buckler of protection (worn)
Jewellery
 i - a +6 ring of dexterity
 m - a ring of poison resistance
 o - an amulet of reflection (around neck)
 q - a +4 ring of evasion
 y - a ring of resist corrosion
 E - a ring of flight
 F - a +6 ring of strength (right hand)
 G - a +4 ring of protection (left hand)
 M - the ring "Zimolur" {Will+ Dex+6}
   (You found it on level 6 of the Dungeon)

   [ring of dexterity]

   Dex:       It affects your dexterity (+6).
   Will:      It increases your willpower.
Wands
 u - a wand of mindburst (1)
 J - a wand of digging (2)
 L - a wand of acid (9)
 P - a wand of iceblast (1)
Scrolls
 j - a scroll of fear
 r - a scroll of teleportation
 B - a scroll of enchant weapon
 C - a scroll of blinking
 D - a scroll of holy word
 V - 2 scrolls of magic mapping
Potions
 d - 2 potions of magic
 e - a potion of degeneration {unknown}
 p - a potion of flight
 w - a potion of mutation
 x - 2 potions of might
 z - 2 potions of lignification
 A - 3 potions of curing
 Q - 2 potions of attraction
 T - a potion of haste
 U - a potion of resistance


   Skills:
 + Level 7.8 Fighting
 + Level 11.9 Axes
 + Level 2.6(2.8) Slings
 + Level 1.2(2.1) Throwing
 + Level 7.2 Armour
 + Level 4.4 Dodging
 - Level 0.9 Stealth
 + Level 8.3 Shields
 * Level 6.1 Spellcasting
 + Level 1.2 Conjurations
 + Level 0.1 Transmutations
 * Level 9.8 Poison Magic
 * Level 8.6 Invocations
 * Level 6.3 Evocations


You had 18 spell levels left.
You knew the following spells:

 Your Spells              Type           Power      Damage    Failure   Level
a - Mephitic Cloud        Conj/Pois/Air  11%        N/A       36%         3
b - Ignite Poison         Fire/Tmut/Pois 10%        N/A       38%         3

Your spell library contained the following spells:

 Spells                   Type           Power      Damage    Failure   Level
 Magic Dart               Conj           24%        1d4       32%         1
 Searing Ray              Conj           12%        2d4       45%         2
 Slow                     Hex            12%        N/A       50%         1
 Blink                    Tloc           6%         N/A       63%         2
 Passwall                 Tmut/Erth      2%         N/A       63%         2
 Dazzling Flash           Conj/Hex       8%         N/A       78%         3
 Confusing Touch          Hex            3%         N/A       86%         3
 Lesser Beckoning         Tloc           3%         N/A       86%         3
 Portal Projectile        Hex/Tloc       6%         N/A       86%         3
 Vampiric Draining        Necr           3%         2d6       86%         3
 Fulminant Prism          Conj/Hex       2%         3d6       99%         4
 Iskenderun's Mystic Bla  Conj/Tloc      4%         2d3       99%         4
 Leda's Liquefaction      Hex/Erth       1%         N/A       99%         4
 Blade Hands              Tmut           1%         N/A       100%        5
 Freezing Cloud           Conj/Ice/Air   2%         6-21      100%        5
 Manifold Assault         Tloc           3%         N/A       100%        5
 Metabolic Englaciation   Hex/Ice        1%         N/A       100%        5
 Iron Shot                Conj/Erth      2%         9d2       100%        6
 Starburst                Conj/Fire      2%         6d3       100%        6
 Call Canine Familiar     Summ           Unusable   N/A       N/A         3
 Animate Armour           Summ/Erth      Unusable   N/A       N/A         4

Dungeon Overview and Level Annotations

Branches:
Dungeon (15/15)            Temple (1/1) D:4            Lair (1/6) D:8
    Orc (0/2) D:9          Vaults (0/5) D:14         Depths (1/4) D:15
Ossuary (visited)

Altars:
Cheibriados
Dithmenos
Elyvilon
Fedhas
Gozag
Kikubaaqudgha
Makhleb
Okawaru
Qazlal
Ru
Trog
Uskayaw
Vehumet
Wu Jian
Yredelemnul
Zin
The Shining One
Beogh

Shops:
D:6 :   D:11 =   D:12 [[*[

Portals:
Hell: Depths:1

Annotations:
D:8 2 transporters, hellse's ghost, novice GnHu
D:15 Azrael


Innate Abilities, Weirdness & Mutations

You have hoof-like feet.
When seriously injured, your blood forms thick armour. (AC +9)
A meltable shield of frost defends you. (SH +0)


Message History

Magic restored.
You feel like a meek peon again.
Azrael the Boundless Flame comes into view.
He is wielding a +4 scimitar of flaming.
Azrael gestures at you. The bolt of fire hits you!
Your condensation shield dissipates!
Your blood congeals into armour. 2 fire elementals come into view.
Azrael gestures at you.
The fireball explodes!
The fireball engulfs you!
You hit Azrael. You kick Azrael.
Azrael is lightly wounded.
Azrael completely misses you.
You slice Azrael!!
Azrael is heavily wounded.
Azrael hits you but does no damage.
You slash Azrael!
Azrael is severely wounded.
Azrael misses you.
You slash Azrael!
Azrael is severely wounded.
You block Azrael's attack.
You barely miss Azrael.
Azrael is severely wounded.
Azrael gestures at you.
The sphere of damnation explodes!
The damnation engulfs you!!!
Ouch! That really hurt!
* * * LOW HITPOINT WARNING * * *
The damnation engulfs Azrael.
Azrael completely resists.
You hear a bark!
Press: ? - help, v - describe, . - travel
Here: Azrael, wielding a +4 scimitar of flaming (severely wounded)
The floor, spattered with blood.
A red film seems to cover your vision as you go berserk!
You feel yourself moving faster!
You feel mighty! You block Azrael's attack.
You hit Azrael. You kick Azrael.
Azrael is almost dead.
Azrael gestures at you.
The sphere of damnation explodes!
The damnation engulfs you.
You die...

######### #####
#.......######### #....
#.......#.......######.###
#.......#.#####...........
#....)...@REE..)#..###.###
#.....).#.#####.....##.###
#.......#.# #....###....
#.......#.. ...#.## #####
####.############.# # #[#
#.# # ####.### #'# #
#.u....# # #u##.#.##


You could see Azrael and 2 fire elementals.

Vanquished Creatures
  An ironbound preserver (D:14)
  2 boulder beetles
  3 hydras
  5 centaur warriors
  A two-headed ogre (D:14)
  3 death yaks
  A death knight (D:15)
  3 tengu warriors
  A skeletal warrior (D:15)
  2 orc sorcerers
  An orc knight (D:14)
  2 wizards
  A necromancer (D:15)
  13 ugly things
  2 deep elf pyromancers (D:15)
  A faun (shapeshifter) (D:12)
  5 cyclopes
  A manticore (D:13)
  9 slime creatures
  2 rust devils
  2 gargoyles
  A naga mage (D:15)
  Maggie (D:8)
  2 unseen horrors (D:12)
  3 centaur skeletons (D:15)
  Psyche (D:8)
  2 freezing wraiths
  2 komodo dragons (D:13)
  A tengu conjurer (D:13)
  6 trolls
  The ghost of spaghetti the Sneak, an amateur OpWr (D:6)
  3 centaur simulacra
  Sigmund (D:6)
  20 yaks
  2 wyverns
  9 wraiths
  2 basilisks (D:14)
  The ghost of avis the Grave Robber, an amateur DDNe (D:3)
  Eustachio (D:4)
  A steam dragon (D:4)
  5 vampire mosquitoes
  An acid dragon (D:13)
  2 swamp worms (D:8)
  A water moccasin (D:9)
  A meliai simulacrum (D:15)
  2 ice beasts (D:6)
  9 orc warriors
  A black bear (D:4)
  A sky beast (D:7)
  3 ogres
  15 centaurs
  3 phantoms (D:4)
  2 bullfrogs
  2 scorpions
  8 wights
  14 killer bees
  3 howler monkeys
  5 electric eels
  3 centaur zombies (Ossuary)
  4 quasits (D:6)
  2 hounds
  9 orc priests
  2 jellies
  An iguana (D:7)
  3 gnoll shamans
  8 orc wizards
  A hell rat (D:7)
  4 mummies (Ossuary)
  19 gnolls
  2 river rats (D:8)
  8 adders
  A shadow imp (D:8)
  2 white imps
  An ufetubus (D:3)
  3 worms
  3 dart slugs
  41 orcs
  7 ball pythons
  5 endoplasms
  5 giant cockroaches
  15 goblins
  9 hobgoblins
  8 jackals
  9 kobolds
  9 quokkas
  7 bats
  2 frilled lizards
  4 hobgoblin zombies (Ossuary)
  8 rats
  A spectral goblin (D:3)
405 creatures vanquished.

Vanquished Creatures (others)
  3 plants (D:8)
3 creatures vanquished.

Grand Total: 408 creatures vanquished

Notes
Turn   | Place    | Note
-------+----------+-------------------------------------------
     0 | D:1      | jlumianski the Demonspawn Fighter began the quest for the
                  | Orb.
     0 | D:1      | Reached XP level 1. HP: 18/18 MP: 1/1
   452 | D:1      | Gained mutation: You have large cloven feet. [demonic
                  | ancestry]
   452 | D:1      | Reached XP level 2. HP: 18/24 MP: 2/2
   756 | D:1      | Reached skill level 2 in Axes
  1070 | D:1      | Gained mutation: You have hoof-like feet. [demonic
                  | ancestry]
  1070 | D:1      | Reached XP level 3. HP: 29/29 MP: 3/3
  2376 | D:3      | Gained mutation: When seriously injured, your blood forms
                  | armour. (AC +9) [demonic ancestry]
  2376 | D:3      | Reached XP level 4. HP: 35/35 MP: 4/4
  2410 | D:3      | Found a transporter.
  2414 | D:3      | Found a transporter.
  2414 | D:3      | Noticed avis's ghost (amateur DDNe)
  2515 | D:3      | Learned a level 3 spell: Mephitic Cloud
  2854 | D:3      | Found a faded altar of an unknown god.
  2910 | D:4      | Noticed a phantom
  2933 | D:4      | Killed a phantom
  2934 | D:4      | Reached skill level 3 in Axes
  2934 | D:4      | Reached skill level 1 in Poison Magic
  2934 | D:4      | Reached XP level 5. HP: 36/41 MP: 5/5
  3025 | D:3      | Found a faded altar of an unknown god.
  3027 | D:3      | You fall into a shaft and drop 3 floors!
  3044 | D:6      | Reached skill level 1 in Dodging
  3047 | D:6      | Reached skill level 1 in Throwing
  3175 | D:5      | Entered Level 5 of the Dungeon
  3220 | D:6      | Gained mutation: A meltable shield of frost defends you.
                  | (SH +0) [demonic ancestry]
  3220 | D:6      | Reached XP level 6. HP: 47/47 MP: 6/6
  3681 | D:6      | Reached skill level 4 in Axes
  3681 | D:6      | Reached XP level 7. HP: 53/53 MP: 7/7
  3700 | D:6      | Found a sand-covered staircase.
  3711 | Ossuary  | Entered an ossuary
  3968 | D:6      | Reached skill level 5 in Axes
  4059 | D:6      | Reached XP level 8. HP: 49/60 MP: 8/8
  4300 | D:4      | Found a staircase to the Ecumenical Temple.
  4342 | Temple   | Entered the Ecumenical Temple
  4468 | Temple   | Became a worshipper of Warmaster Okawaru
  4634 | D:4      | Reached skill level 6 in Axes
  4681 | D:3      | Found an ancient bone altar of Kikubaaqudgha.
  5150 | D:3      | Killed avis's ghost
  5777 | D:4      | Noticed Eustachio
  5784 | D:4      | Killed Eustachio
  5785 | D:4      | Reached skill level 5 in Shields
  5793 | D:4      | Identified a scroll of acquirement
  5793 | D:4      | Acquired the +10 broad axe of Charity {vorpal, *Corrode
                  | +Blink Will+++ Str-4}
  5985 | D:4      | Reached * piety under Okawaru
  6126 | D:4      | Reached skill level 7 in Axes
  6126 | D:4      | Gained mutation: When seriously injured, your blood forms
                  | thick armour. (AC +9) [demonic ancestry]
  6126 | D:4      | Reached XP level 9. HP: 65/66 MP: 9/9
  6765 | D:6      | Noticed spaghetti's ghost (amateur OpWr)
  6815 | D:6      | Found a transporter.
  6889 | D:6      | Found a transporter.
  6914 | D:6      | Reached skill level 5 in Poison Magic
  6916 | D:6      | Reached ** piety under Okawaru
  6922 | D:6      | Found a stormy altar of Qazlal.
  7071 | D:6      | Identified the ring "Zimolur" {Will+ Dex+6}
  7083 | D:6      | Killed spaghetti's ghost
  7211 | D:6      | Found Otytwaedio's Self-Improvement Boutique.
  7217 | D:6      | Noticed Sigmund
  7219 | D:6      | Reached skill level 8 in Axes
  7224 | D:6      | Killed Sigmund
  7225 | D:6      | Reached skill level 5 in Fighting
  7594 | D:6      | Noticed a rust devil
  7594 | D:6      | Noticed a rust devil
  8031 | D:4      | Killed a rust devil
  8032 | D:4      | Reached skill level 5 in Armour
  8139 | D:7      | Killed a rust devil
  8140 | D:7      | Reached XP level 10. HP: 74/74 MP: 7/10
  8205 | D:7      | Reached *** piety under Okawaru
  8242 | D:8      | Noticed a boulder beetle
  8451 | D:7      | Found a blossoming altar of Fedhas.
  8486 | D:7      | Found a radiant altar of Vehumet.
  8512 | D:7      | Got Sif Muna's Disquisition on Enchanting Changing
  8885 | D:8      | Noticed a death yak
  8886 | D:8      | Noticed Psyche
  8921 | D:7      | Killed a death yak
  9179 | D:8      | Killed Psyche
  9179 | D:8      | Reached **** piety under Okawaru
  9184 | D:8      | Noticed Maggie
  9195 | D:8      | Killed Maggie
  9221 | D:8      | Killed a boulder beetle
  9222 | D:8      | Reached skill level 9 in Axes
  9222 | D:8      | Reached skill level 1 in Spellcasting
  9222 | D:8      | Reached skill level 1 in Invocations
  9486 | D:8      | Learned a level 3 spell: Ignite Poison
  9671 | D:8      | Found the +7 Kryia's mail coat {PotionHeal*2 rC+}
 10117 | D:8      | Found a transporter.
 10132 | D:8      | Noticed hellse's ghost (novice GnHu)
 10133 | D:8      | Found a transporter.
 10189 | D:8      | Noticed a death yak
 10193 | D:8      | Noticed a death yak
 10209 | D:8      | Killed a death yak
 10210 | D:8      | Reached XP level 11. HP: 49/81 MP: 14/14
 10217 | D:8      | Killed a death yak
 10217 | D:8      | Reached ***** piety under Okawaru
 10469 | D:8      | Found a staircase to the Lair.
 10775 | D:9      | Identified the +5 hunting sling "Bilaimn" {venom, *Corrode
                  | Str+3 Dex+4}
 10885 | D:9      | Found a staircase to the Orcish Mines.
 11330 | D:9      | Reached skill level 1 in Evocations
 11546 | D:10     | Entered Level 10 of the Dungeon
 11599 | D:10     | Received a gift from Okawaru
 11764 | D:10     | Reached skill level 1 in Slings
 12200 | D:11     | Found Eraimal's Jewellery Shop.
 12234 | D:11     | Reached skill level 10 in Axes
 13042 | D:12     | Found Huse's General Store.
 13045 | D:12     | Bought a scroll of blinking for 105 gold pieces
 13045 | D:12     | Bought a +4 ring of protection for 504 gold pieces
 13045 | D:12     | Bought a scroll of enchant armour for 105 gold pieces
 13179 | D:12     | Found Rono's Armour Shop.
 13179 | D:12     | Noticed a cyan ugly thing
 13195 | D:12     | Killed a cyan ugly thing
 13418 | D:12     | Found Zokhlef's Armour Boutique.
 13424 | D:12     | Noticed a boulder beetle
 13446 | D:12     | Received a gift from Okawaru
 13453 | D:12     | Killed a boulder beetle
 13454 | D:12     | Reached XP level 12. HP: 48/89 MP: 3/17
 13817 | D:12     | Reached skill level 5 in Invocations
 14128 | D:12     | Noticed a two-headed ogre
 14128 | D:12     | a dream sheep changed into a two-headed ogre
 14129 | D:12     | a two-headed ogre changed into a faun
 14133 | D:12     | Received a gift from Okawaru
 14189 | D:12     | Found Taonamp's Armour Emporium.
 14678 | D:13     | Noticed a centaur warrior
 14681 | D:13     | Killed a centaur warrior
 14874 | D:13     | Reached ****** piety under Okawaru
 14961 | D:13     | Received a gift from Okawaru
 15057 | D:13     | Noticed a tengu warrior
 15073 | D:13     | Killed a tengu warrior
 15434 | D:13     | Noticed a centaur warrior
 15441 | D:13     | Killed a centaur warrior
 15442 | D:13     | Reached skill level 11 in Axes
 16091 | D:15     | Entered Level 15 of the Dungeon
 16112 | D:14     | Noticed a two-headed ogre
 16120 | D:14     | Killed a two-headed ogre
 16126 | D:14     | Noticed a four-headed hydra
 16128 | D:14     | Noticed a tengu warrior
 16143 | D:13     | Killed a two-headed hydra
 16161 | D:14     | Noticed a five-headed hydra
 16162 | D:14     | Noticed a tengu warrior
 16192 | D:13     | Killed a tengu warrior
 16300 | D:12     | Killed a tengu warrior
 16301 | D:12     | Reached skill level 5 in Spellcasting
 16541 | D:13     | Killed a one-headed hydra
 16542 | D:13     | Reached skill level 5 in Evocations
 16775 | D:14     | Noticed a centaur warrior
 16780 | D:14     | Killed a centaur warrior
 16781 | D:14     | Reached XP level 13. HP: 96/96 MP: 20/20
 16811 | D:14     | Identified the +4 hand crossbow "Sulire" {freeze, rC+ rN+
                  | Str+4}
 16832 | D:14     | Received a gift from Okawaru
 16832 | D:14     | Found the +3 warlock's mirror {reflect}
 16976 | Lair:1   | Entered Level 1 of the Lair of Beasts
 17917 | D:14     | Found a gate to the Vaults.
 17917 | D:14     | Noticed an ironbound preserver
 17931 | D:14     | Killed an ironbound preserver
 18328 | D:15     | Reached skill level 1 in Conjurations
 18583 | D:15     | Identified the +1 helmet of Action {Dex+5} (Okawaru gifted
                  | it to you on level 15 of the Dungeon)
 18583 | D:15     | Received a gift from Okawaru
 19148 | D:15     | Found a staircase to the Depths.
 19161 | Depths:1 | Entered Level 1 of the Depths
 19161 | Depths:1 | Noticed a stone giant
 19161 | Depths:1 | Found a gateway to Hell.
 19638 | D:15     | Identified the +7 hunting sling of Conflict {freeze, Int+6
                  | Dex-4}
 20170 | D:15     | Noticed Azrael
 20179 | D:15     | HP: 2/98 [Azrael/damnation (56)]
 20181 | D:15     | Killed from afar by Azrael

Illustrated notes

Levels and vault maps discovered:
D:1:      dpeg_arrival_houses_and_road, layout_basic
D:2:      layout_loops_corners, bh_walls_and_bars
D:3:      minmay_skewed_foursquare, layout_basic, kiku_gazebo_pond_becter,
          nicolae_overflow_ecumenical_swirl, gammafunk_ghost_arena,
          dreamdust_ecumenical_altar_drowned_temple,
          hangedman_abyss_or_decor_stabs
D:4:      layout_gridville, mainiacjoe_overflow_alcove_1,
          minmay_temple_entry_proselytizer, uniq_eustachio
D:5:      layout_loops_ring, kennysheep_generic_room_7
D:6:      cheibrodos_iron_armory, layout_loops_ring,
          nicolae_overflow_hidden_temple, gammafunk_ghost_stat_death,
          nicolae_ossuary_entry_plus, dreamdust_princess_bridge,
          nicolae_shop_self_help, uniq_sigmund
D:7:      layout_basic, zin_scriptorium, nicolae_overflow_crystal_walls,
          vehumet_altar_wand_db, dreamdust_wishing_well
D:8:      layout_loops_ring, dpeg_lair_monsters, gammafunk_ghost_hive,
          worms_lemuel, uniq_psyche, uniq_maggie
D:9:      layout_roguey, minmay_orc_entry_temple_small
D:10:     layout_cave_pools, hangedman_abyss_or_decor_passed
D:11:     layout_loops_ring, serial_shops, nicolae_diamond_shop
D:12:     layout_loops_ring, serial_shops, kennysheep_mini_moat, shop,
          nicolae_take_the_stairs, nicolae_diamond_shop
D:13:     layout_loops_ring, kennysheep_generic_room_12
D:14:     layout_rooms, skrybe_vaults_entry_preservation, disabler_island
D:15:     grunt_enter_depths_magical_seal, layout_loops_corners, serial_shops,
          nicolae_shop_window_shopping, uniq_azrael
Temple:   regret_index_temple_waves
Lair:1:   layout_loops_ring, serial_bayou_shore_b, grunt_megastairs_4,
          lemuel_fruit_fields
Depths:1: layout_big_octagon, hell_entry, ashenzari_altar_1, st_stairs_1,
          nzn_life_drinkers, serial_bayou_shore_a, minmay_shop_grove, uniq_aizul

Skill      XL: |  1  2  3  4  5  6  7  8  9 10 11 12 13 |
---------------+----------------------------------------+-----
Armour         | 3 4 5 6 7 |  7.2
Axes           | 2 3 4 5 7 8 9 10 11 | 11.9
Shields        | 3 4 5 6 7 8 |  8.3
Poison Magic   | 1 2 3 4 5 7 8 9 |  9.8
Dodging        | 1 2 3 4 |  4.4
Throwing       | 1 |  1.2
Fighting       | 4 5 6 7 |  7.8
Spellcasting   | 2 3 5 6 |  6.1
Invocations    | 2 4 6 8 |  8.6
Evocations     | 3 5 6 |  6.3
Slings         | 1 2 |  2.6
Conjurations   | 1 |  1.2
Stealth        | |  0.9
Transmutations | |  0.1

Action                   |  1- 3 |  4- 6 |  7- 9 | 10-12 | 13-15 || total
-------------------------+-------+-------+-------+-------+-------++-------
Melee: War axe           |    79 |    86 |   122 |     8 |    32 ||   327
       Kick              |    22 |    13 |    50 |   144 |    93 ||   322
       Whip              |    29 |       |       |       |       ||    29
       Broad axe         |       |       |    97 |   422 |   211 ||   730
 Fire: Hunting sling     |       |       |       |    58 |     6 ||    64
Throw: Stone             |    22 |    12 |     3 |       |       ||    37
       Javelin           |       |       |     2 |       |       ||     2
       Throwing net      |       |       |     1 |       |       ||     1
       Dart              |       |       |       |     1 |     1 ||     2
 Cast: Mephitic Cloud    |       |       |       |     1 |     2 ||     3
       Ignite Poison     |       |       |       |       |     1 ||     1
Invok: Heroism           |       |       |     3 |     9 |     1 ||    13
       Finesse           |       |       |       |     3 |     1 ||     4
 Abil: Evoke Blink       |       |       |       |     2 |     1 ||     3
  Use: Scroll            |     5 |     5 |     9 |     4 |     4 ||    27
       Potion            |       |     1 |     7 |       |     3 ||    11
 Stab: Confused          |       |       |       |     1 |       ||     1
Armor: Scale mail        |    69 |    17 |    70 |   186 |   136 ||   478
       Skin              |       |       |     5 |       |       ||     5
       Steam dragon scal |       |       |       |     1 |       ||     1
Dodge: Dodged            |    55 |    54 |   121 |   149 |    78 ||   457
Block: Buckler           |    39 |    54 |   231 |   356 |   188 ||   868
       Reflection        |       |     1 |     6 |    40 |    16 ||    63
       Other             |       |       |       |       |     6 ||     6

Table legend: (Time is in decaauts)
 A = Elapsed time spent in this place.
 B = Non-inter-level travel time spent in this place.
 C = Inter-level travel time spent in this place.
 D = Time resting spent in this place.
 E = Time spent auto-exploring this place.
 F = Levels seen in this place.
 G = Mean time per level.
                   A        B        C        D        E       F      G
               +--------+--------+--------+--------+--------+-----+--------+
         Total |  20439 |  19660 |    779 |   3165 |  10789 |  19 | 1075.7 |
       Dungeon |  20103 |  19325 |    778 |   3122 |  10687 |  15 | 1340.2 |
        Temple |    165 |    165 |      0 |      0 |    100 |   1 |  165.0 |
          Lair |      1 |      1 |      0 |      0 |      0 |   1 |    1.0 |
        Depths |      1 |      1 |      0 |      0 |      0 |   1 |    1.0 |
       Ossuary |    166 |    166 |      0 |     43 |      2 |   1 |  166.0 |
               +--------+--------+--------+--------+--------+-----+--------+

Top non-repeatable levels by time:
    D:12: 2177 daAuts
    D:15: 1946 daAuts
    D:13: 1557 daAuts
     D:3: 1541 daAuts
     D:6: 1492 daAuts
     D:8: 1456 daAuts
    D:14: 1412 daAuts
     D:7: 1349 daAuts
     D:4: 1282 daAuts
     D:1: 1261 daAuts
     D:2: 1118 daAuts
     D:5: 1097 daAuts
     D:9: 909 daAuts
    D:11: 835 daAuts
    D:10: 664 daAuts
